 Dungeon Crawl Stone Soup version 0.20-a0-1040-gfd09691 (webtiles) character file.

11454 Rrauwl the Severer (level 11, -4/93 HPs)
             Began as a Tengu Berserker on Apr 23, 2017.
             Was a High Priest of Trog.
             Engulfed by a cloud of freezing vapour (8 damage)
             ... in an ice cave.
             The game lasted 00:33:09 (12606 turns).

Rrauwl the Severer (Tengu Berserker)               Turns: 12606, Time: 00:33:09

Health: -4/93      AC: 18    Str: 26    XL:     11   Next: 78%
Magic:  0/13       EV:  9    Int: 12    God:    Trog [*****.]
Gold:   455        SH:  0    Dex: 14    Spells: 10/10 levels left

rFire    . . .     SeeInvis +   a - +4 battleaxe (drain)
rCold    . . .     Gourm    .   (shield currently unavailable)
rNeg     . . .     Faith    .   G - +0 plate armour
rPois    .         Spirit   +   (helmet restricted)
rElec    .         Reflect  .   k - +1 cloak
rCorr    .         Harm     .   s - +0 pair of gloves
MR       ++++.                  (boots unavailable)
Stlth    ..........             o - amulet of guardian spirit
Regen    1.0/turn               e - +5 ring of intelligence
MPRegen  0.2/turn               F - ring of see invisible

@: berserking, regenerating, very quick
A: antennae 1, beak, talons 3, slimy green scales 1, deterioration 1, magic
resistance 2, mutation resistance 1, inhibited regeneration, able to fly 1
a: Fly, Berserk, Trog's Hand, Brothers in Arms, Burn Spellbooks, Renounce
Religion


You were in an ice cave.
You worshipped Trog.
Trog was extremely pleased with you.
You were hungry.

You visited 2 branches of the dungeon, and saw 12 of its levels.
You also visited: Ice Cave.

You collected 507 gold pieces.
You spent 52 gold pieces at shops.

Inventory:

Hand Weapons
 a - a +4 battleaxe of draining (weapon)
 b - a +0 hand crossbow
 c - a +0 dire flail of draining
 I - a +3 hand axe
Missiles
 i - 10 javelins (quivered)
 t - 32 bolts
Armour
 k - a +1 cloak (worn)
 s - a +0 pair of gloves (worn)
 z - a +0 shield
 G - a +0 plate armour (worn)
 H - +0 acid dragon scales
Jewellery
 e - a +5 ring of intelligence (left hand)
 o - an amulet of guardian spirit (around neck)
 C - an uncursed amulet of harm
 F - a ring of see invisible (right hand)
Wands
 x - a wand of scattershot (6/9)
 y - a wand of iceblast (4/15)
 A - a wand of flame (31/48)
 B - a wand of iceblast (8/15)
 D - a wand of digging (9/24)
 E - a wand of confusion (27/48)
Scrolls
 d - 3 scrolls of remove curse
 h - a scroll of fog
 j - a scroll of enchant armour
 m - 5 scrolls of teleportation
 n - a scroll of immolation
 p - a scroll of blinking
 v - 8 scrolls of identify
Potions
 l - 2 potions of invisibility
 q - 2 potions of curing
 r - 2 potions of haste
 u - a potion of heal wounds
Comestibles
 g - a royal jelly
 w - 8 meat rations


   Skills:
 + Level 4.7 Fighting
 + Level 17.1 Axes
 + Level 5.9 Armour
 - Level 4.0 Dodging
 - Level 0.4 Stealth
 + Level 2.1 Shields
 - Level 2.0 Evocations


You had 10 spell levels left.
You didn't know any spells.

Dungeon Overview and Level Annotations

Branches:
Dungeon (11/15)            Temple (1/1) D:6            Lair (0/6) D:8
    Orc: D:9-12

Altars:
Ashenzari
Cheibriados
Dithmenos
Elyvilon
Fedhas
Gozag
Hepliaklqana
Kikubaaqudgha
Makhleb
Nemelex Xobeh
Okawaru
Qazlal
Ru
Sif Muna
Trog
Uskayaw
Vehumet
Wu Jian
Xom
Yredelemnul
Zin
The Shining One

Shops:
D:8 %   D:11 !


Innate Abilities, Weirdness & Mutations

You have a beak for a mouth.
You have claws for feet.
You can fly.
You have a pair of small antennae on your head.
You are partially covered in slimy green scales. (AC +2)
Your body sometimes deteriorates upon taking damage.
You are highly resistant to hostile enchantments. (MR++)
You are somewhat resistant to further mutation.
You do not regenerate when monsters are visible.


Message History

You closely miss the wolf. Your peck misses the wolf. You closely miss the yak.
You are engulfed in freezing vapours.
* * * LOW HITPOINT WARNING * * *
The yak closely misses you. The wolf bites you but does no damage.
Unknown command.
A red film seems to cover your vision as you go berserk!
You feel yourself moving faster!
You feel mighty!
You are feeling hungry.
You are engulfed in freezing vapours.
* * * LOW HITPOINT WARNING * * *
The wolf bites you but does no damage.
The yak snorts and paws the ground.
The yak gores you.
* * * LOW HITPOINT WARNING * * *
The wolf bites you but does no damage.
You slash the wolf! You drain the wolf!
You kill the wolf!
Trog accepts your kill.
You hit the yak.
You are engulfed in freezing vapours.
You die...

######
#######....##
##.##...##.#)## #
#@#§§§#####.#.####
#..†Y#§§##
#....###..
#...#.Y####
##....#... ...#
##.. ##....#.. .#
### #..##...
#..###.. ##..##..
##....# ######


You could see 2 yaks.

Vanquished Creatures
  A two-headed ogre (D:8)
  An unseen horror (D:8)
  An ugly thing (D:10)
  3 centaur skeletons
  An ice statue (IceCv)
  A gargoyle (D:10)
  2 rime drakes (D:11)
  2 trolls (D:10)
  A polar bear (IceCv)
  A raiju (shapeshifter) (D:11)
  Grinder (D:3)
  2 hippogriffs
  A wraith (D:10)
  A yak (IceCv)
  Sigmund (D:2)
  4 hogs (D:7)
  A human (D:7)
  2 hungry ghosts
  Menkaure (D:4)
  An acid dragon (D:11)
  A porcupine (D:8)
  A water moccasin (D:7)
  3 orc warriors
  3 ice beasts
  2 sky beasts
  2 phantoms (D:7)
  4 centaurs
  9 wolves (IceCv)
  4 ogres
  A big kobold (D:3)
  10 bullfrogs
  2 scorpions
  4 wights
  2 howler monkeys (D:10)
  2 bullfrog zombies
  3 crimson imps
  A quasit (D:11)
  3 jellies
  7 hounds
  3 orc priests
  A gnoll shaman (D:8)
  A bullfrog skeleton (D:7)
  5 orc wizards
  10 worker ants
  5 iguanas
  Natasha (twice) (D:2)
  A killer bee zombie (D:8)
  A hound zombie (D:10)
  A hound skeleton (D:10)
  A worker ant zombie (D:5)
  3 gnolls (D:5)
  10 adders
  4 shadow imps
  2 oozes
  An adder skeleton (D:5)
  6 worms
  2 dart slugs
  6 leopard geckos
  32 orcs
  3 ball pythons
  8 bats
  7 giant cockroaches
  13 hobgoblins
  19 jackals
  3 quokkas
  8 frilled lizards
  8 goblins
  A jackal skeleton (D:4)
  A jackal zombie (D:5)
  15 kobolds
  A leopard gecko skeleton (D:6)
  A quokka skeleton (D:6)
  A quokka zombie (D:7)
  7 rats
  2 butterflies (D:6)
  9 fungi (D:8)
  8 plants (D:8)
305 creatures vanquished.

Vanquished Creatures (collateral kills)
  A centaur zombie (D:11)
1 creature vanquished.

Vanquished Creatures (others)
  A yak (IceCv)
  A bullfrog (D:7)
  A scorpion (D:7)
  A killer bee (D:7)
  An orc wizard (D:7)
5 creatures vanquished.

Grand Total: 311 creatures vanquished

Notes
Turn   | Place    | Note
-------+----------+-------------------------------------------
     0 | D:1      | Rrauwl the Tengu Berserker began the quest for the Orb.
     0 | D:1      | Reached XP level 1. HP: 14/14 MP: 2/2
   261 | D:1      | Reached XP level 2. HP: 10/19 MP: 3/3
  1163 | D:1      | Reached XP level 3. HP: 21/23 MP: 4/4
  1181 | D:1      | Reached skill level 4 in Axes
  1449 | D:2      | Reached ** piety under Trog
  1982 | D:2      | Reached XP level 4. HP: 29/29 MP: 5/5
  2401 | D:2      | Noticed Natasha
  2414 | D:2      | Killed Natasha
  2425 | D:2      | Gained mutation: You can fly. [Tengu growth]
  2425 | D:2      | Reached XP level 5. HP: 29/33 MP: 2/6
  2956 | D:2      | Noticed Sigmund
  2958 | D:2      | Gained mutation: You are clumsy. (Dex -2) [potion of mutation]
  2958 | D:2      | Gained mutation: You are surrounded by a mild repulsion field. (EV +2) [potion of mutation]
  2959 | D:2      | Lost mutation: You are clumsy. (Dex -2) [potion of mutation]
  2959 | D:2      | Lost mutation: You are surrounded by a mild repulsion field. (EV +2) [potion of mutation]
  2959 | D:2      | Gained mutation: You are weak. (Str -2) [potion of mutation]
  2959 | D:2      | Gained mutation: Your body sometimes deteriorates upon taking damage. [potion of mutation]
  2959 | D:2      | Gained mutation: You are resistant to hostile enchantments. (MR+) [potion of mutation]
  2962 | D:2      | Noticed Natasha
  2965 | D:2      | Killed Sigmund
  2965 | D:2      | Reached skill level 5 in Axes
  2965 | D:2      | Reached XP level 6. HP: 38/38 MP: 5/7
  2996 | D:2      | Killed Natasha
  3224 | D:2      | Reached *** piety under Trog
  4090 | D:3      | Reached skill level 6 in Axes
  4090 | D:3      | Reached XP level 7. HP: 43/43 MP: 6/8
  4242 | D:3      | Reached skill level 5 in Armour
  4278 | D:3      | Noticed Grinder
  4286 | D:3      | Killed Grinder
  4286 | D:3      | Reached skill level 7 in Axes
  5022 | D:4      | Reached skill level 8 in Axes
  5022 | D:4      | Reached XP level 8. HP: 46/48 MP: 5/9
  5183 | D:4      | Noticed Menkaure
  5189 | D:4      | Killed Menkaure
  5736 | D:5      | Entered Level 5 of the Dungeon
  5764 | D:5      | Reached skill level 9 in Axes
  6211 | D:5      | Found an opulent altar of Gozag.
  6216 | D:5      | Reached **** piety under Trog
  6552 | D:5      | Reached skill level 10 in Axes
  7403 | D:6      | Reached XP level 9. HP: 52/52 MP: 6/10
  7410 | D:6      | Found a staircase to the Ecumenical Temple.
  7453 | D:6      | Reached skill level 11 in Axes
  7778 | D:6      | Found a shattered altar of Ashenzari.
  7968 | Temple   | Entered the Ecumenical Temple
  8271 | D:7      | Reached skill level 12 in Axes
  8398 | D:7      | Reached skill level 13 in Axes
  8708 | D:7      | Reached XP level 10. HP: 22/56 MP: 5/11
  9150 | D:7      | Found a shimmering altar of Xom.
  9207 | D:7      | Reached ***** piety under Trog
  9224 | D:7      | Reached skill level 14 in Axes
  9566 | D:8      | Found a staircase to the Lair.
  9747 | D:8      | Killed an unseen horror
 10016 | D:8      | Found Aficsaxe's Food Emporium.
 10055 | D:8      | Noticed a two-headed ogre
 10062 | D:8      | Killed a two-headed ogre
 10062 | D:8      | Reached skill level 15 in Axes
 10690 | D:9      | Lost mutation: You are weak. (Str -2) [mutagenic meat]
 10691 | D:9      | Gained mutation: You do not regenerate when monsters are visible. [mutagenic meat]
 10692 | D:9      | Gained mutation: You are highly resistant to hostile enchantments. (MR++) [mutagenic meat]
 10714 | D:9      | You fall through a shaft!
 10714 | D:10     | Entered Level 10 of the Dungeon
 10759 | D:10     | Reached skill level 16 in Axes
 10759 | D:10     | Reached XP level 11. HP: 61/61 MP: 10/12
 11461 | D:10     | Noticed a purple ugly thing
 11474 | D:10     | Killed a purple ugly thing
 11710 | D:10     | Reached skill level 17 in Axes
 11850 | D:11     | Found Ekhir's Distillery.
 11886 | D:11     | Gained mutation: You are partially covered in slimy green scales. (AC +2) [mutagenic meat]
 11887 | D:11     | Gained mutation: You have a pair of small antennae on your head. [mutagenic meat]
 11888 | D:11     | Gained mutation: You are somewhat resistant to further mutation. [mutagenic meat]
 11904 | D:11     | Bought a potion of might for 52 gold pieces
 11925 | D:11     | Found a frozen archway.
 11931 | D:11     | Reached skill level 1 in Evocations
 11932 | D:11     | Received a gift from Trog
 11932 | D:11     | Reached skill level 1 in Shields
 12117 | IceCv    | Entered an ice cave
 12605 | IceCv    | HP: 4/93 [yak (4)]
 12606 | IceCv    | Engulfed by a cloud of freezing vapour

Vault maps used:
D:1:      minmay_arrival_up_and_down, minmay_octomino_e4
D:2:      uniq_sigmund, uniq_natasha
D:3:      first_bread, uniq_grinder
D:4:      uniq_menkaure
D:5:      grunt_gozag_statues
D:6:      lemuel_coloured_pillars_altar, minmay_temple_entry_butterflies
D:7:      grunt_livestock, xom_confusion_cloud
D:8:      grunt_lair_entry_orc_guard_hut, serial_shops, kennysheep_little_box
D:9:      zombieorc1_lemuel
D:10:     corner_web_ring, kennysheep_generic_room_7
D:11:     serial_shops, shop_fountains, portal_ice_cave_rime
Temple:   kilobyte_greek_temple
IceCv:    ice_cave_caverns_03

Skill      XL: |  1  2  3  4  5  6  7  8  9 10 11 |
---------------+----------------------------------+-----
Axes           | 4 5 6 8 10 13 16 17 | 17.1
Dodging        | 3 4 |  4.0
Fighting       | 4 |  4.7
Armour         | 4 5 |  5.9
Evocations     | 2 |  2.0
Shields        | 2 |  2.1
Stealth        | |  0.4

Action                   |  1- 3 |  4- 6 |  7- 9 | 10-12 || total
-------------------------+-------+-------+-------+-------++-------
Melee: Hand axe          |   102 |   127 |   307 |   353 ||   889
       Peck              |    11 |    26 |    65 |    91 ||   193
       Kick              |    18 |    36 |    92 |   149 ||   295
       Battleaxe         |       |       |       |    50 ||    50
Invok: Berserk           |     3 |     5 |    12 |    18 ||    38
       Trog's Hand       |       |       |     1 |     2 ||     3
       Burn Spellbooks   |       |       |       |     1 ||     1
       Brothers in Arms  |       |       |       |     1 ||     1
Evoke: Wand              |       |       |       |     1 ||     1
  Use: Potion            |       |     2 |     6 |     1 ||     9
       Scroll            |       |       |    11 |     7 ||    18
 Stab: Sleeping          |     1 |     1 |       |       ||     2
  Eat: Chunk             |     5 |     8 |    16 |    23 ||    52
       Bread ration      |       |     1 |     1 |     3 ||     5
       Fruit             |       |       |     6 |       ||     6
       Royal jelly       |       |       |       |     3 ||     3
Armor: Animal skin       |    27 |    15 |    15 |       ||    57
       Scale mail        |       |       |    66 |    73 ||   139
       Plate armour      |       |       |       |    38 ||    38
Dodge: Dodged            |    74 |    65 |   136 |    71 ||   346
Block: Buckler           |       |       |     9 |     3 ||    12
       Shield            |       |       |       |    48 ||    48
